 Dungeon Crawl Stone Soup version 0.25.1-2-g60ff931df9 (webtiles) character file.

Game seed: 10031753429752372418

35 DerDa the Grave Robber (level 3, 0/25 HPs)
             Began as a Gnoll Wanderer on Aug 23, 2020.
             Slain by an adder (3 damage)
             ... on level 3 of the Dungeon.
             The game lasted 00:02:47 (1791 turns).

DerDa the Grave Robber (Gnoll Wanderer)             Turns: 1791, Time: 00:02:47

Health: 0/25       AC:  2    Str: 16    XL:     3   Next: 35%
Magic:  7/7        EV: 11    Int: 13    God:
Gold:   103        SH:  0    Dex: 14    Spells: 4/7 levels left

rFire    . . .     SeeInvis .   v - +2 mace (protect)
rCold    . . .     Gourm    .   (no shield)
rNeg     . . .     Faith    .   d - +0 robe
rPois    .         Spirit   .   (no helmet)
rElec    .         Reflect  .   (no cloak)
rCorr    .         Harm     .   (no gloves)
MR       .....                  (no boots)
Stlth    ..........             (no amulet)
HPRegen  0.08/turn              i - ring of attention (curse)
MPRegen  0.10/turn              (no ring)

@: confused, lethally poisoned (0 -> -4)
A: distributed training, fangs 1, strong nose
a: no special abilities


You were on level 3 of the Dungeon.
You were near starving.

You visited 1 branch of the dungeon, and saw 3 of its levels.

You collected 103 gold pieces.

Inventory:

Hand Weapons
 v - a +2 mace of protection (weapon)
Missiles
 l - 45 bolts
 n - 73 stones (quivered)
Armour
 d - a +0 robe (worn)
Magical Staves
 w - an uncursed staff of fire
Jewellery
 i - a cursed ring of attention (left hand)
Scrolls
 b - 2 scrolls of teleportation
 c - a scroll of noise {unknown}
 e - a scroll of blinking {unknown}
 g - 2 scrolls of identify {unknown}
 m - a scroll of random uselessness {unknown}
 o - a scroll of fog {unknown}
 s - a scroll of remove curse {unknown}
 t - a scroll of immolation {unknown}
Potions
 h - a potion of might {unknown}
 j - 3 potions of berserk rage {unknown}
 k - a potion of mutation {unknown}
 p - a potion of invisibility {unknown}
 q - a potion of resistance {unknown}
 u - a potion of heal wounds {unknown}
Comestibles
 f - 6 rations


   Skills:
 + Level 0.7 Fighting
 + Level 6.5 Short Blades
 + Level 0.7 Long Blades
 + Level 0.7 Axes
 + Level 0.7 Maces & Flails
 + Level 0.7 Polearms
 + Level 0.7 Staves
 + Level 0.7 Slings
 + Level 0.7 Bows
 + Level 0.7 Crossbows
 + Level 0.7 Throwing
 + Level 0.7 Armour
 + Level 0.7 Dodging
 + Level 2.3 Stealth
 + Level 2.6 Shields
 + Level 0.7 Unarmed Combat
 + Level 2.8 Spellcasting
 + Level 0.5 Conjurations
 + Level 0.5 Hexes
 + Level 0.5 Charms
 + Level 0.5 Summonings
 + Level 7.1 Necromancy
 + Level 0.5 Translocations
 + Level 0.5 Transmutations
 + Level 0.5 Fire Magic
 + Level 0.5 Ice Magic
 + Level 0.5 Air Magic
 + Level 0.5 Earth Magic
 + Level 0.5 Poison Magic
 + Level 0.9 Invocations
 + Level 0.7 Evocations


You had 4 spell levels left.
You knew the following spells:

 Your Spells              Type           Power        Failure   Level  Hunger
a - Vampiric Draining     Necr           ###.......   3%          3    ###....

Your spell library contained the following spells:

 Spells                   Type           Power        Failure   Level  Hunger
 Animate Skeleton         Necr           N/A          1%          1    #......
 Pain                     Necr           ###.         1%          1    #......
 Animate Dead             Necr           N/A          13%         4    #####..
 Agony                    Necr           ###.....     34%         5    ######.


Dungeon Overview and Level Annotations

Branches:
Dungeon (3/15)

Altars:
Cheibriados
Lugonu

Portals:
Abyss: D:1

Annotations:
D:2 1 runed translucent door, Crazy Yiuf
D:3 Sigmund


Innate Abilities, Weirdness & Mutations

Your experience applies equally to all skills.
You have very sharp teeth.
Your uncanny sense of smell can sniff out nearby items.


Message History

The adder poisons you!
You closely miss Sigmund.
Sigmund is moderately wounded.
You feel sick. The adder bites you but does no damage.
Sigmund casts a spell at you.
You are confused.
The adder closely misses you.
You barely miss Sigmund.
Sigmund is moderately wounded.
You are near starving!
You feel sick. The adder bites you but does no damage.
Sigmund gestures at you while chanting.
You are more confused.
The adder bites you but does no damage.
Sigmund hits you from afar with a +0 scythe!
* * * LOW HITPOINT WARNING * * *
The adder bites you but does no damage.
You see here an amethyst potion.
You bump into the rock wall.
The adder bites you.
You die...

##.####.#
#......#
#.###### #.# #
#.# ####.###
#.#### #... ..
#....###@##.##
####....S....#
∆ #####@#.....
#.# ##. #.. ∆
#... ##... ∆
...# ∆ ...#
....


You could see Sigmund and an adder.

Vanquished Creatures
  2 adders (D:2)
  A dart slug (D:2)
  A bat (D:1)
  2 giant cockroaches
  2 goblins (D:2)
  2 hobgoblins
  A ball python (D:1)
  A frilled lizard (D:3)
  A kobold (D:3)
  3 rats
16 creatures vanquished.

Notes
Turn   | Place    | Note
-------+----------+-------------------------------------------
     0 | D:1      | DerDa the Gnoll Wanderer began the quest for the Orb.
     0 | D:1      | DerDa set off with the following items: a +0 short sword, a
                  | scroll of teleportation, a +0 robe, a ration; and the
                  | following spells available to memorise: Animate Skeleton,
                  | Pain, Vampiric Draining, Animate Dead, Agony
     0 | D:1      | Reached XP level 1. HP: 13/13 MP: 4/4
   706 | D:1      | Found a one-way gate to the infinite horrors of the Abyss.
   706 | D:1      | Found a corrupted altar of Lugonu.
   706 | D:1      | Noticed a quasit
   706 | D:1      | Noticed a quasit
   706 | D:1      | Noticed a quasit
   706 | D:1      | Noticed a quasit
   707 | D:1      | Noticed a quasit
   710 | D:1      | Noticed a demonic crawler
   882 | D:2      | Reached XP level 2. HP: 19/19 MP: 5/5
   949 | D:2      | Found a snail-covered altar of Cheibriados.
  1127 | D:2      | Reached XP level 3. HP: 25/25 MP: 7/7
  1469 | D:2      | Found a runed translucent door.
  1470 | D:2      | Noticed Crazy Yiuf
  1759 | D:3      | Learned a level 3 spell: Vampiric Draining
  1783 | D:3      | Noticed Sigmund
  1791 | D:3      | Slain by an adder

Illustrated notes

Levels and vault maps discovered:
D:1:      erik_arrival_cave_to_civilisation [erik_arrival_cave_to_temple],
          layout_loops_ring
D:2:      layout_loops_ring, kennysheep_slug_shrine, uniq_crazy_yiuf_cottage
D:3:      layout_loops_cross, gammafunk_ghost_abyssal_escape, first_ration,
          uniq_sigmund, uniq_jessica

Action                   || total
-------------------------++-------
Melee: Short sword       ||    29
       Bite              ||     1
       Mace              ||     7
 Stab: Sleeping          ||     1
  Eat: Chunk             ||     1
Armor: Robe              ||    12
Dodge: Dodged            ||    17
